 Dungeon Crawl Stone Soup version 0.31.0 (webtiles) character file.

Game seed: 8893424512728201912

154 qw the Shooter (level 5, -11/32 HPs)
             Began as a Gargoyle Hunter on Jan 19, 2024.
             Killed by divine providence
             ... invoked by an orc priest
              (13 damage)
             ... on level 4 of the Dungeon.
             The game lasted 00:00:09 (2295 turns).

qw the Shooter (Gargoyle Hunter)                    Turns: 2295, Time: 00:00:10

Health: -11/32     AC: 12    Str: 15    XL:     5   Next: 35%
Magic:  5/5        EV: 11    Int:  9    God:
Gold:   229        SH:  0    Dex: 15    Spells: 4/4 levels left

rFire   . . .        a - +1 shortbow
rCold   + . .        (shield currently unavailable)
rNeg    + . .        k - +1 leather armour {rC+}
rPois   inf          (no helmet)
rElec   +            b - +2 cloak
rCorr   .            q - +0 pair of gloves
SInv    .            (no boots)
Will    +....        h - amulet of faith
Stlth   ++           j - ring of willpower
HPRegen 0.25/turn    (no ring)
MPRegen 0.09/turn

%: faith
@: about to teleport
A: sickness immunity, AC +4, negative energy resistance 1, electricity
resistance, torment resistance 1, petrification resistance
a: no special abilities


You were on level 4 of the Dungeon.
You visited 1 branch of the dungeon, and saw 4 of its levels.

You collected 229 gold pieces.


Innate Abilities, Weirdness & Mutations

You are immune to sickness and miasma.
Your stone body is resilient. (AC +4)
You are immune to poison.
You resist negative energy. (rN+)
You are resistant to electric shocks. (rElec)
You are resistant to unholy torment.
You are immune to petrification.


   Skills:
 - Level 3.0 Fighting
 + Level 5.9 Ranged Weapons
 - Level 1.7 Armour
 - Level 1.5 Dodging
 - Level 1.1 Stealth


You had 4 spell levels left.
You didn't know any spells.
Your spell library was empty.

Inventory:

Hand Weapons
 a - a +1 shortbow (weapon)
Armour
 b - a +2 cloak (worn)
 k - a +1 leather armour of cold resistance (worn)
 q - a +0 pair of gloves (worn)
Jewellery
 d - an amulet of regeneration
 h - an amulet of faith (around neck)
 j - a ring of willpower (left hand)
Wands
 r - a wand of paralysis (13)
Scrolls
 l - a scroll of identify
Potions
 c - a potion of berserk rage {unknown}
 e - a potion of curing
 f - a potion of haste {unknown}
 g - a potion of degeneration {unknown}
 i - a potion of might
 n - a potion of attraction {unknown}

Dungeon Overview and Level Annotations

Branches:
Dungeon (4/15)
 Temple: D:4-7

Altars:
Fedhas
Gozag


Message History

You shoot an arrow. The arrow barely misses the orc.
The orc priest looks satisfied for a moment.
The orc barely misses you. The orc hits you but does no damage.
You shoot an arrow. The arrow closely misses the orc.
The orc hits you but does no damage.
You shoot an arrow. The arrow hits the orc.
You kill the orc!
The orc priest hits you but does no damage.
You shoot an arrow.
The arrow closely misses the orc priest.
The orc priest barely misses you.
You shoot an arrow. The arrow hits the orc priest.
The orc priest is lightly wounded.
The orc priest misses you.
You shoot an arrow.
The arrow closely misses the orc priest.
The orc priest hits you but does no damage.
The orc priest hits you with a +0 dagger.
You shoot an arrow. The arrow barely misses the orc priest.
The orc priest hits you with a +0 dagger.
You shoot an arrow.
The arrow hits the orc priest but does no damage.
The orc priest is lightly wounded.
The orc priest hits you but does no damage.
You shoot an arrow. The arrow hits the orc priest.
The orc priest is moderately wounded.
The orc priest closely misses you.
You shoot an arrow. The arrow hits the orc priest.
The orc priest is moderately wounded.
The orc priest calls down the wrath of Beogh upon you.
Beogh smites you!
2294 ||| READING scroll of teleportation.
As you read the scroll of teleportation, it crumbles to dust.
You feel strangely unstable. The orc priest barely misses you.
You shoot an arrow. The arrow hits the orc priest.
The orc priest is heavily wounded.
The orc priest mumbles some strange prayers to Beogh against you.
Beogh smites you!
You die...

#...#........#
###.#........#
#.#........# #
#.#........#
.#
#.#........#
...
#.#.#####.##
...# #)#.# #.#
....# #.#.#
#)#.....#
#.#.#
#@o......
#.#.#
####.####
#.#.# .. #.#.#
## #.#[# #.#
#.# #.# #.#


You could see an orc priest.

Vanquished Creatures
  A jelly (D:4)
  5 adders
  2 ribbon worms (D:3)
  7 orcs
  7 endoplasms
  3 giant cockroaches (D:1)
  8 goblins
  7 hobgoblins
  4 kobolds
  2 quokkas
  7 ball pythons
  4 bats
  A frilled lizard (D:1)
  7 rats
65 creatures vanquished.

Notes
Turn   | Place    | Note
-------+----------+-------------------------------------------
     0 | D:1      | qw the Gargoyle Hunter began the quest for the Orb.
     0 | D:1      | Reached XP level 1. HP: 12/12 MP: 1/1
     0 | D:1      | 0 ||| qw: Version: 0.3-a-132-g3d54051
     0 | D:1      | 0 ||| qw: Game counter: 21
     0 | D:1      | 0 ||| qw: Melee chars always use a shield: true
     0 | D:1      | 0 ||| qw: God list: Okawaru
     0 | D:1      | 0 ||| qw: Allow faded altars: false
     0 | D:1      | 0 ||| qw: Do Orc after clearing Dungeon:15 true
     0 | D:1      | 0 ||| qw: Do second Lair branch before Depths: true
     0 | D:1      | 0 ||| qw: Lair rune preference: random
     0 | D:1      | 0 ||| qw: Goals: Normal
     0 | D:1      | 0 ||| PLANNING D:1-11
    81 | D:1      | Reached XP level 2. HP: 17/17 MP: 2/2
   257 | D:1      | Reached XP level 3. HP: 21/21 MP: 3/3
   466 | D:1      | Reached skill level 5 in Ranged Weapons
   522 | D:1      | 522 ||| DROPPING ring of wizardry.
   523 | D:1      | 523 ||| UPGRADING to ring of willpower.
   524 | D:1      | 524 ||| READING scroll labelled BEHAOT WATOKOA.
   528 | D:1      | 528 ||| DROPPING scroll of butterflies.
   692 | D:2      | Identified the +0 chain mail of Beastly Intercession {*Slow
                  | rC+ Int+6 Dex+2}
   796 | D:2      | Reached skill level 3 in Fighting
   825 | D:2      | Reached XP level 4. HP: 28/28 MP: 4/4
  1157 | D:2      | 1157 ||| UPGRADING to +2 cloak.
  1162 | D:2      | 1162 ||| UPGRADING to +1 leather armour of cold resistance.
  1172 | D:2      | 1172 ||| DROPPING +0 leather armour.
  1173 | D:2      | 1173 ||| UPGRADING to amulet of regeneration.
  1178 | D:2      | 1178 ||| READING scroll labelled PYPPEM ZERIG.
  1178 | D:2      | 1178 ||| IDENTIFYING murky emerald potion
  1179 | D:2      | 1179 ||| DRINKING 2 silvery potions.
  1396 | D:3      | Found an opulent altar of Gozag.
  1487 | D:3      | Found a blossoming altar of Fedhas.
  1649 | D:3      | Found a faded altar of an unknown god.
  1850 | D:3      | 1850 ||| UPGRADING to +0 pair of gloves.
  1855 | D:3      | 1855 ||| UPGRADING to amulet of faith.
  1865 | D:3      | 1865 ||| READING scroll labelled MUUCVO ZAYWK.
  1866 | D:3      | 1866 ||| READING scroll labelled NESTRA FUIZUNAA.
  1867 | D:3      | 1867 ||| READING scroll labelled OSCHAO SIHY.
  1868 | D:3      | 1868 ||| READING scroll labelled SAOXTO WUGOMOOS.
  1868 | D:3      | 1868 ||| ENCHANTING +0 shortbow.
  1869 | D:3      | 1869 ||| READING scroll labelled DOCOMI HIUJ.
  1870 | D:3      | 1870 ||| FLEEEEING.
  2021 | D:4      | Reached skill level 1 in Armour
  2021 | D:4      | Reached XP level 5. HP: 32/32 MP: 5/5
  2293 | D:4      | HP: 1/32 [orc priest/divine providence (13)]
  2294 | D:4      | 2294 ||| READING scroll of teleportation.
  2295 | D:4      | Killed from afar by an orc priest

Levels and vault maps discovered:
D:1:      dpeg_arrival_castle, layout_basic
D:2:      layout_loops_ring
D:3:      layout_loops_ring, fedhas_ov_isle_minmay,
          mainiacjoe_overflow_concentric_impassable,
          hellmonk_ecumenical_altar_inner_sanctum
D:4:      layout_basic, serial_shops, nicolae_shop_tiny_glass

Skill      XL: |  1  2  3  4 |
---------------+-------------+-----
Ranged Weapons | 5 |  5.9
Fighting       | 3 |  3.0
Armour         | 1 |  1.7
Dodging        | |  1.5
Stealth        | |  1.1

Action                     |  1- 3 |  4- 6 || total
---------------------------+-------+-------++-------
   Fire: Shortbow          |   109 |   115 ||   224
    Use: Scroll            |     1 |     7 ||     8
         Potion            |       |     1 ||     1
 Armour: Leather armour    |    14 |    41 ||    55
  Dodge: Dodged            |    19 |    29 ||    48

Table legend:
 A = Non-vault XP
 B = Vault XP
 C = Vault XP percentage of total XP
 D = Non-vault monster count
 E = Vault monster count
 F = Vault count percentage of total count
                 A         B        C        D         E       F
            +---------+---------+-------+---------+---------+-------
      Total |     220 |       0 |   0.0 |      65 |       0 |   0.0
            +---------+---------+-------+---------+---------+-------
        D:1 |      40 |       0 |   0.0 |      25 |       0 |   0.0
        D:2 |      52 |       0 |   0.0 |      19 |       0 |   0.0
        D:3 |      53 |       0 |   0.0 |      12 |       0 |   0.0
        D:4 |      75 |       0 |   0.0 |       9 |       0 |   0.0
            +---------+---------+-------+---------+---------+-------
